 Dungeon Crawl Stone Soup version 0.21-a0-260-g9b2435e (webtiles) character file.

139 KarmaPolice the Sneak (level 5, -3/35 HPs)
             Began as an Octopode Assassin on Sept 7, 2017.
             Slain by an adder (4 damage)
             ... on level 2 of the Dungeon.
             The game lasted 00:05:12 (2573 turns).

KarmaPolice the Sneak (Octopode Assassin)           Turns: 2573, Time: 00:05:13

Health: -3/35      AC:  1    Str: 11    XL:     5   Next: 22%
Magic:  5/5        EV: 13    Int: 13    God:
Gold:   72         SH:  0    Dex: 14    Spells: 4/4 levels left

rFire    . . .     SeeInvis .   a - +2 dagger
rCold    . . .     Gourm    .   (no shield)
rNeg     . . .     Faith    .   (helmet restricted)
rPois    .         Spirit   .   (no amulet)
rElec    .         Reflect  .   (no ring)
rCorr    .         Harm     .   (no ring)
MR       .....                  (no ring)
Stlth    ++++......             (no ring)
HPRegen  0.11/turn              (no ring)
MPRegen  0.09/turn              (no ring)
                                (no ring)
                                (no ring)

@: lethally poisoned (-3 -> -4), slowed, very slow
A: almost no armour, stealthy swim, amphibious, 8 rings, constrict 8, camouflage
1, gelatinous body 1
a: no special abilities


You were on level 2 of the Dungeon.
You were not hungry.

You visited 1 branch of the dungeon, and saw 3 of its levels.

You collected 72 gold pieces.

Inventory:

Hand Weapons
 a - a +2 dagger (weapon)
 b - a +0 blowgun
Missiles
 c - 8 poisoned needles
 d - 2 curare-tipped needles
 m - 3 needles of paralysis
Scrolls
 i - 4 scrolls of identify {unknown}
 j - a scroll of remove curse {unknown}
 k - 2 scrolls of magic mapping {unknown}
 o - a scroll of teleportation {unknown}
Potions
 e - 2 potions of heal wounds
 g - a potion of curing {unknown}
 h - 2 potions of brilliance {unknown}
 l - 2 potions of lignification {unknown}
 n - a potion of berserk rage {unknown}
Comestibles
 f - a bread ration
 p - a meat ration
 q - 4 chunks of flesh


   Skills:
 - Level 2.7 Fighting
 + Level 3.6 Short Blades
 - Level 2.0 Throwing
 + Level 1.9 Dodging
 + Level 6.5 Stealth


You had 4 spell levels left.
You didn't know any spells.

Dungeon Overview and Level Annotations

Branches:
Dungeon (3/15)

Altars:

Annotations:
D:2 Natasha
D:3 1 runed door


Innate Abilities, Weirdness & Mutations

You cannot wear most types of armour.
You are very stealthy in the water. (Stealth+)
You are amphibious.
You can wear up to eight rings at the same time.
You can use your tentacles to constrict eight enemies at once.
Your skin changes colour to match your surroundings (Stealth+).
Your rubbery body absorbs attacks. (AC +1, EV +1)


Message History

* * * LOW HITPOINT WARNING * * *
The gnoll shouts!
Natasha stares at you and mumbles some strange words.
You feel yourself slow down.
* * * LOW HITPOINT WARNING * * *
You feel sick.
The quokka bites you but does no damage.
The adder completely misses you.
The quokka bites you but does no damage.
The adder bites you but does no damage.
It was a potion of heal wounds.
You feel much better. The quokka barely misses you.
The hobgoblin hits you with a club.
The gnoll hits you from afar with a halberd of chopping.
* * * LOW HITPOINT WARNING * * *
x2 The adder bites you.
* * * LOW HITPOINT WARNING * * *
The quokka misses you. The hobgoblin hits you with a club.
* * * LOW HITPOINT WARNING * * *
The adder bites you.
You die...

#.# .. #.#
gh #.## ####
.g#
##...##.#
.#.....#.##
.......@S.#
..g..g#rg.#
..g...##..##
...........#
♣♣♣♣.......#
♣♣......#
♣......#
♣.....##
♣....##


You could see 4 gnolls, an adder, a quokka and a hobgoblin.

Vanquished Creatures
  Jessica (D:2)
  Terence (D:3)
  Robin (D:2)
  An adder (D:3)
  2 worms (D:2)
  2 leopard geckos (D:1)
  2 giant cockroaches
  14 goblins
  8 hobgoblins
  2 jackals (D:1)
  9 kobolds
  A quokka (D:3)
  A ball python (D:1)
  6 bats
  3 frilled lizards
  5 rats
59 creatures vanquished.

Notes
Turn   | Place    | Note
-------+----------+-------------------------------------------
     0 | D:1      | KarmaPolice the Octopode Assassin began the quest for the Orb.
     0 | D:1      | Reached XP level 1. HP: 14/14 MP: 1/1
    72 | D:1      | Reached XP level 2. HP: 20/20 MP: 2/2
   536 | D:1      | Reached XP level 3. HP: 24/25 MP: 3/3
  1319 | D:2      | Noticed Robin
  1581 | D:2      | Noticed Jessica
  1788 | D:2      | Killed Robin
  1788 | D:2      | Reached skill level 6 in Stealth
  1788 | D:2      | Reached XP level 4. HP: 27/30 MP: 4/4
  1798 | D:2      | Killed Jessica
  2177 | D:3      | Found a runed door.
  2271 | D:3      | Noticed Terence
  2280 | D:3      | Killed Terence
  2280 | D:3      | Reached XP level 5. HP: 23/35 MP: 5/5
  2569 | D:2      | Noticed Natasha
  2570 | D:2      | HP: 1/35 [Natasha/magic dart (7)]
  2573 | D:2      | Slain by an adder

Vault maps used:
D:1:      minmay_arrival_three_doors, hangedman_decor_diamond_cutter
D:2:      lemuel_doored_altar, kennysheep_decorative_pillar, uniq_natasha,
          uniq_jessica, uniq_robin
D:3:      serial_bayou_ford_a, uniq_terence, uniq_crazy_yiuf_cottage

Skill      XL: |  1  2  3 |
---------------+----------+-----
Short Blades   | 3 |  3.6
Stealth        | 6 |  6.5
Fighting       | |  2.7
Throwing       | |  2.0
Dodging        | |  1.9

Action                   |  1- 3 |  4- 6 || total
-------------------------+-------+-------++-------
Melee: Dagger            |    72 |    49 ||   121
       Tentacles         |    12 |    10 ||    22
       Constrict         |    17 |    11 ||    28
  Use: Potion            |       |     1 ||     1
 Stab: Sleeping          |    14 |     4 ||    18
  Eat: Chunk             |     2 |     3 ||     5
Armor: Skin              |     2 |     3 ||     5
Dodge: Dodged            |    26 |    34 ||    60

Table legend:
 A = Spawn XP
 B = Non-spawn XP
 C = Spawn XP percentage of total XP
 D = Spawn monster count
 E = Non-spawn monster count
 F = Spawn count percentage of total count
 G = Total turns spent on level
                    A         B        C        D         E        F      G
               +---------+---------+-------+---------+---------+-------+---------
         Total |       0 |     199 |   0.0 |       0 |      59 |   0.0 |  2573
               +---------+---------+-------+---------+---------+-------+---------
           D:1 |       0 |      41 |   0.0 |       0 |      26 |   0.0 |  1293
           D:2 |       0 |      86 |   0.0 |       0 |      16 |   0.0 |   845
           D:3 |       0 |      72 |   0.0 |       0 |      17 |   0.0 |   435
               +---------+---------+-------+---------+---------+-------+---------
